 Dungeon Sprint DCSS version 0.24-b1-30-g840c9efd86 (webtiles) character file.

Game seed: 8772406516571401756, levelgen mode: deterministic

3087 night the Black Belt (level 9, 0/75 HPs)
             Began as a Demonspawn Gladiator on Oct 25, 2019.
             Was the Champion of Cheibriados.
             Slain by a sun demon (19 damage)
             ... summoned by an orc high priest
             ... in the Dungeon (Sprint VII: "The Pits").
             The game lasted 00:05:42 (1297 turns).

night the Black Belt (Demonspawn Gladiator)         Turns: 1297, Time: 00:05:43

Health: 0/75       AC: 11    Str: 30    XL:     9   Next: 59%
Magic:  10/15      EV: 17    Int: 27    God:    Cheibriados [******]
Gold:   0          SH:  0    Dex: 30    Spells: 8/8 levels left

rFire    . . .     SeeInvis .     - Unarmed
rCold    . . .     Gourm    .   (no shield)
rNeg     . . .     Faith    .   q - +3 scale mail
rPois    .         Spirit   .   (helmet restricted)
rElec    .         Reflect  .   (no cloak)
rCorr    .         Harm     .   (no gloves)
MR       .....     NoTele   +   (no boots)
Stlth    +.........             (no amulet)
HPRegen  1.22/turn              (no ring)
MPRegen  0.14/turn              (no ring)

@: very slow
A: antennae 2, rugged brown scales 2, powered by death 1, spiny 2
a: Bend Time, Temporal Distortion, Slouch, Step From Time, Renounce Religion


You were in the Dungeon.
You worshipped Cheibriados.
Cheibriados was exalted by your worship.
You were not hungry.

You visited 1 branch

Inventory:

Missiles
 c - 3 throwing nets (quivered)
Armour
 q - a +3 scale mail (worn)
Magical Staves
 l - an uncursed staff of energy
Scrolls
 j - a scroll of blinking
 m - 3 scrolls of remove curse
 n - 5 scrolls of amnesia
 o - a scroll of summoning
Potions
 e - 6 potions of curing
 f - 5 potions of heal wounds
 g - a potion of haste
 h - 4 potions of magic
 i - 3 potions of berserk rage
 k - a potion of invisibility
Comestibles
 d - 9 rations


   Skills:
 + Level 7.1 Fighting
 - Level 1.7 Throwing
 + Level 6.8 Dodging
 + Level 16.6 Unarmed Combat
 + Level 8.8 Invocations


You had 8 spell levels left.
You didn't know any spells.
Your spell library was empty.

Dungeon Overview and Level Annotations

Branches:
Dungeon (1/1)

Altars:
Ashenzari
Cheibriados
Dithmenos
Elyvilon
Fedhas
Gozag
Hepliaklqana
Kikubaaqudgha
Makhleb
Nemelex Xobeh
Okawaru
Qazlal
Ru
Sif Muna
Trog
Uskayaw
Vehumet
Wu Jian
Xom
Yredelemnul
Zin
The Shining One
Beogh
Jiyva
Lugonu


Innate Abilities, Weirdness & Mutations

You have a pair of antennae on your head.
You are mostly covered in rugged brown scales. (AC +2, +5% HP)
You regenerate a little health from kills.
You are mostly covered in sharp spines.


Message History

The orc high priest is heavily wounded.
The sun demon hits you but does no damage.
The orc high priest calls down the wrath of Beogh upon you.
Beogh smites you!
You pummel the orc high priest!! Your punch misses the orc high priest.
The orc high priest is almost dead.
You closely miss the orc high priest.
The orc high priest is almost dead.
The sun demon hits you.
You are engulfed in flames!
The orc high priest hits you with a +1 dire flail of protection.
You barely miss the orc high priest.
The orc high priest is almost dead.
The sun demon closely misses you.
The orc high priest prays to Beogh.
You hit the orc high priest but do no damage.
The orc high priest is almost dead.
The sun demon hits you!
* * * LOW HITPOINT WARNING * * *
You are engulfed in flames!!
You die...

{{ {
########################
...............3.o3.)...
................@3O.....
##############++########
# {{ # {{ #


{{{{ { {{ # # # # You could see an orc high priest, 2 sun demons, a neqoxec and
an ogre.

Vanquished Creatures
  A spriggan druid (D)
  A manticore (D)
  An elephant (D)
  A spiny frog (D)
  A troll (D)
  A shadow (D)
  A water elemental (D)
  A fire elemental (D)
  A fire bat (D)
  A warg (D)
  A floating eye (D)
  An orc warrior (D)
  A centaur (D)
  An ogre (D)
  A big kobold (D)
  A gnoll sergeant (D)
  A scorpion (D)
  An iron imp (D)
  An iguana (D)
  4 gnolls (D)
  An adder (D)
  A white imp (D)
  An adder zombie (D)
  A leopard gecko (D)
  3 orcs (D)
  A hobgoblin (D)
  2 jackals (D)
  A kobold (D)
  A quokka (D)
  A goblin (D)
36 creatures vanquished.

Notes
Turn   | Place    | Note
-------+----------+-------------------------------------------
     0 | D        | night the Demonspawn Gladiator began the quest for the Orb.
     0 | D        | Reached XP level 1. HP: 16/16 MP: 1/1
    17 | D        | Reached skill level 4 in Unarmed Combat
    17 | D        | Gained mutation: You are partially covered in sharp spines.
                  | [demonic ancestry]
    17 | D        | Reached XP level 2. HP: 16/22 MP: 2/2
   222 | D        | Reached skill level 5 in Unarmed Combat
   273 | D        | Noticed a floating eye
   275 | D        | Paralysed by a floating eye for 2 turns
   285 | D        | Killed a floating eye
   285 | D        | Reached skill level 9 in Unarmed Combat
   285 | D        | Gained mutation: You have a pair of small antennae on your
                  | head. [demonic ancestry]
   285 | D        | Reached XP level 3. HP: 10/27 MP: 3/3
   285 | D        | Gained mutation: You have a pair of antennae on your head.
                  | [demonic ancestry]
   285 | D        | Reached XP level 4. HP: 13/33 MP: 4/4
   530 | D        | Found a bloodstained altar of Trog.
   530 | D        | Found a shimmering blue altar of Sif Muna.
   530 | D        | Found a viscous altar of Jiyva.
   530 | D        | Found a hazy altar of Hepliaklqana.
   530 | D        | Found an opulent altar of Gozag.
   531 | D        | Found a glowing golden altar of the Shining One.
   531 | D        | Found a glowing silver altar of Zin.
   531 | D        | Found a basalt altar of Yredelemnul.
   531 | D        | Found a shimmering altar of Xom.
   531 | D        | Found an ornate altar of the Wu Jian Council.
   531 | D        | Found a sacrificial altar of Ru.
   531 | D        | Found a stormy altar of Qazlal.
   531 | D        | Found an iron altar of Okawaru.
   531 | D        | Found a sparkling altar of Nemelex Xobeh.
   531 | D        | Found a burning altar of Makhleb.
   531 | D        | Found a blossoming altar of Fedhas.
   531 | D        | Found a white marble altar of Elyvilon.
   531 | D        | Found a shadowy altar of Dithmenos.
   531 | D        | Found a snail-covered altar of Cheibriados.
   533 | D        | Found a radiant altar of Vehumet.
   533 | D        | Found a corrupted altar of Lugonu.
   533 | D        | Found a roughly hewn altar of Beogh.
   534 | D        | Found a hide-covered altar of Uskayaw.
   534 | D        | Found an ancient bone altar of Kikubaaqudgha.
   534 | D        | Found a shattered altar of Ashenzari.
   542 | D        | Became a worshipper of Cheibriados the Contemplative
   590 | D        | Reached * piety under Cheibriados
   685 | D        | Noticed a gnoll sergeant
   686 | D        | Noticed a centaur
   687 | D        | Noticed a big kobold
   691 | D        | Reached skill level 10 in Unarmed Combat
   691 | D        | Gained mutation: You are partially covered in rugged brown
                  | scales. (AC +1, +3% HP) [demonic ancestry]
   691 | D        | Reached XP level 5. HP: 27/39 MP: 5/5
   697 | D        | Killed a centaur
   697 | D        | Reached ** piety under Cheibriados
   697 | D        | Reached skill level 11 in Unarmed Combat
   701 | D        | Gained mutation: You regenerate a little health from kills.
                  | [demonic ancestry]
   701 | D        | Reached XP level 6. HP: 34/45 MP: 6/6
   702 | D        | Reached *** piety under Cheibriados
   706 | D        | Reached skill level 12 in Unarmed Combat
   717 | D        | Reached **** piety under Cheibriados
   717 | D        | Reached skill level 13 in Unarmed Combat
   742 | D        | Noticed a fire bat
   746 | D        | Killed a fire bat
   746 | D        | Reached ***** piety under Cheibriados
   746 | D        | Reached skill level 14 in Unarmed Combat
   746 | D        | Gained mutation: You are mostly covered in sharp spines.
                  | [demonic ancestry]
   746 | D        | Reached XP level 7. HP: 51/51 MP: 7/7
   794 | D        | Noticed a water elemental
   795 | D        | Noticed a manticore
   799 | D        | Killed a water elemental
   805 | D        | Killed a manticore
   805 | D        | Reached skill level 15 in Unarmed Combat
   805 | D        | Gained mutation: You are mostly covered in rugged brown
                  | scales. (AC +2, +5% HP) [demonic ancestry]
   805 | D        | Reached XP level 8. HP: 12/58 MP: 8/8
  1038 | D        | Noticed a spiny frog
  1038 | D        | Noticed an elephant
  1038 | D        | Noticed a troll
  1042 | D        | Killed a troll
  1046 | D        | Killed an elephant
  1046 | D        | Reached ****** piety under Cheibriados
  1046 | D        | Reached skill level 16 in Unarmed Combat
  1046 | D        | Reached skill level 5 in Invocations
  1051 | D        | Killed a spiny frog
  1051 | D        | Reached skill level 5 in Fighting
  1051 | D        | Reached skill level 5 in Dodging
  1051 | D        | Reached XP level 9. HP: 28/71 MP: 8/13
  1283 | D        | Noticed a spriggan druid
  1284 | D        | Noticed an orc high priest
  1287 | D        | Noticed a sun demon
  1288 | D        | Killed a spriggan druid
  1297 | D        | Noticed a sun demon
  1297 | D        | Slain by a sun demon

Skill      XL: |  1  2  3  4  5  6  7  8  9 |
---------------+----------------------------+-----
Unarmed Combat | 4 9 10 11 14 15 16 | 16.6
Fighting       | 5 7 |  7.1
Dodging        | 5 6 |  6.8
Invocations    | 6 8 |  8.8
Throwing       | |  1.7

Action                   |  1- 3 |  4- 6 |  7- 9 || total
-------------------------+-------+-------+-------++-------
Melee: Unarmed           |    23 |    41 |    38 ||   102
       Punch             |       |     2 |     8 ||    10
Invok: Slouch            |       |       |     1 ||     1
  Use: Potion            |       |     2 |       ||     2
 Stab: Invisible         |       |     6 |       ||     6
Armor: Leather armour    |     2 |     2 |       ||     4
       Scale mail        |       |    14 |     9 ||    23
Dodge: Dodged            |    10 |    30 |    16 ||    56
